 Dungeon Crawl Stone Soup version 0.31-a0-466-g98c9adc2b6 (webtiles) character file.

Game seed: 9135321064587806882

28 MisterAzrael the Chopper (level 3, 0/33 HPs)
             Began as a Hill Orc Monk on Aug 5, 2023.
             Succumbed to a kobold's poison
             ... on level 2 of the Dungeon.
             The game lasted 00:01:02 (976 turns).

MisterAzrael the Chopper (Hill Orc Monk)             Turns: 976, Time: 00:01:02

Health: 0/33       AC:  2    Str: 15    XL:     3   Next: 14%
Magic:  3/3        EV: 12    Int: 10    God:
Gold:   92         SH:  5    Dex: 13    Spells: 2/2 levels left

rFire   . . .        a - +0 hand axe
rCold   . . .        d - orb {light}
rNeg    . . .        b - +0 robe
rPois   .            (no helmet)
rElec   .            (no cloak)
rCorr   .            (no gloves)
SInv    .            (no boots)
Will    .....        g - amulet of reflection
Stlth   +            (no ring)
HPRegen 0.25/turn    (no ring)
MPRegen 0.08/turn

%: reflection
@: lethally poisoned (0 -> -14), hasted, glowing, very quick
A: no striking features
a: no special abilities


You were on level 2 of the Dungeon.
You visited 1 branch of the dungeon, and saw 2 of its levels.

You collected 92 gold pieces.

Inventory:

Hand Weapons
 a - a +0 hand axe (weapon)
Armour
 b - a +0 robe (worn)
 d - an orb of light (worn)
Jewellery
 g - an amulet of reflection (around neck)
 k - a ring of see invisible
Talismans
 h - a beast talisman
Scrolls
 f - a scroll of immolation {unknown}
 i - a scroll of poison {unknown}
Potions
 c - 2 potions of ambrosia
 j - a potion of degeneration {unknown}


   Skills:
 + Level 4.2 Fighting
 + Level 4.5 Axes
 + Level 2.8 Dodging


You had 2 spell levels left.
You didn't know any spells.
Your spell library contained the following spells:

 Spells                   Type           Power      Damage    Failure   Level
 Iskenderun's Battlesphe  Conj           0%         2d6       100%        5
 Leda's Unmaking          Conj/Erth      0%         9d1       100%        6
 Spellforged Servitor     Conj/Summ      0%         N/A       100%        7


Dungeon Overview and Level Annotations

Branches:
Dungeon (2/15)

Altars:
Qazlal


Message History

The bat misses you.
You hit the kobold but do no damage. The kobold closely misses you.
The bat misses you.
You hit the bat but do no damage.
The bat is severely wounded.
You hit the kobold but do no damage. The bat hits you but does no damage.
The kobold hits you with a +1 dagger of venom. x2
The bat closely misses you.
You completely miss the bat.
The bat is moderately wounded.
You hit the kobold but do no damage. The bat barely misses you.
The kobold closely misses you.
You barely miss the kobold. The bat barely misses you.
The kobold hits you with a +1 dagger of venom.
You are poisoned.
You hit the kobold but do no damage. You barely miss the bat.
You feel very sick. The bat hits you but does no damage.
The kobold hits you with a +1 dagger of venom.
You are lethally poisoned!
You are too injured to fight recklessly!
You are too injured to fight recklessly!
You are too injured to fight recklessly!
You are too injured to fight recklessly!
You feel very sick. The bat barely misses you.
The bat hits you but does no damage. The kobold hits you but does no damage.
You are more poisoned.
You hit the kobold.
You kill the kobold!
You hit the bat.
You kill the bat!
* * * LOW HITPOINT WARNING * * *
You feel very sick.
* * * LOW HITPOINT WARNING * * *
You feel very sick.
Things that are here:
a +1 dagger of venom; a +0 chain mail It was a potion of haste.
You feel yourself speed up.
You die...

.#.###.####.# .#.....#
#.# ... .####### #.#
....
.....######.########....
............##..........
.....#########..........
.....# #........ .....#
#.....###..
##############..@.......
.)......#.........?.....
......###.####.......###
._....###.####..........
............##..........
............##......#..#
..#.........##......#...
..#.........######### ..
..#.........#


There were no monsters in sight!

Vanquished Creatures
  A ball python (D:1)
  3 bats
  An endoplasm (D:1)
  3 giant cockroaches
  4 goblins (D:1)
  4 hobgoblins
  A quokka (D:2)
  2 frilled lizards
  5 kobolds
  2 rats
26 creatures vanquished.

Notes
Turn   | Place    | Note
-------+----------+-------------------------------------------
     0 | D:1      | MisterAzrael the Hill Orc Monk began the quest for the Orb.
     0 | D:1      | Reached XP level 1. HP: 19/19 MP: 1/1
   195 | D:1      | Reached XP level 2. HP: 27/27 MP: 2/2
   926 | D:2      | Found a stormy altar of Qazlal.
   941 | D:2      | Reached XP level 3. HP: 33/33 MP: 3/3
   976 | D:2      | Succumbed to a kobold's poison

Illustrated notes

Levels and vault maps discovered:
D:1:      minmay_arrival_three_doors, layout_basic
D:2:      layout_basic, basic_altar, minmay_misc_feat_columns

Skill      XL: |  1  2 |
---------------+-------+-----
Fighting       | 4 |  4.2
Axes           | |  4.5
Dodging        | |  2.8

Action                     || total
---------------------------++-------
  Melee: Hand axe          ||    67
    Use: Potion            ||     1
 Armour: Robe              ||    15
  Dodge: Dodged            ||    45
  Block: Orb               ||     9
         Reflection        ||     1

Table legend: (Time is in decaauts)
 A = Elapsed time spent in this place.
 B = Non-inter-level travel time spent in this place.
 C = Inter-level travel time spent in this place.
 D = Time resting spent in this place.
 E = Time spent auto-exploring this place.
 F = Levels seen in this place.
 G = Mean time per level.
                   A        B        C        D        E       F      G
               +--------+--------+--------+--------+--------+-----+--------+
         Total |    981 |    917 |     64 |      0 |    749 |   2 |  490.5 |
       Dungeon |    981 |    917 |     64 |      0 |    749 |   2 |  490.5 |
               +--------+--------+--------+--------+--------+-----+--------+

Top non-repeatable levels by time:
     D:1: 711 daAuts
     D:2: 270 daAuts
